[ AOE2 MATCH · #507226146 ]
UnrankedPersians vs Malians
Player's team · WIN
Rival team · LOSS
[ REPLAY ANALYSIS · EXTRACTED FROM THE RECORDED GAME ]
Feudal
12:52
Castle
29:16
Imperial
—
| APM avg | 54.6 |
| APM peak | 108 |
| eAPM avg | 22.5 |
| Villagers / military | 78 / 52 |
Focus
⚔️ 27.4% · 🌾 72.6%
Scout Cavalry ×23 · Militia ×14 · Knight ×12 · Fishing Ship ×12 · Fire Galley ×3 · Unknown (2626) ×2
Feudal
9:27
Castle
31:22
Imperial
—
| APM avg | 44.7 |
| APM peak | 96 |
| eAPM avg | 22.0 |
| Villagers / military | 33 / 64 |
Focus
⚔️ 17.8% · 🌾 82.2%
Archer ×37 · Fishing Ship ×20 · Camel Scout ×10 · Militia ×7 · Spearman ×6 · Demolition Raft ×4
Match map
Initial resources + every placement click. Lines = walls · curves = elevation contours. ◆ gold · ⬟ stone · ● berries · ✦ relic · ◌ wall gap
Your base· Open — unwalled flank
KahTuc's base· Open — unwalled flank
Smoothed initial terrain · ◌ = detected wall gap · hover for details
Inputs per minute
— verszomj - - KahTuc
Build order — verszomj
First 150 of 191 actions detected
| 0:03 | Build | House |
| 0:04 | Create | Villager (Male) ×5 |
| 0:04 | Create | Villager (Male) ×5 |
| 0:08 | Build | House |
| 1:11 | Build | Lumber Camp |
| 1:32 | Create | Villager (Male) |
| 1:33 | Create | Villager (Male) |
| 2:09 | Create | Villager (Male) |
| 2:09 | Create | Villager (Male) |
| 2:09 | Create | Villager (Male) |
| 2:39 | Create | Villager (Male) |
| 2:39 | Create | Villager (Male) |
| 2:39 | Create | Villager (Male) |
| 2:55 | Build | Dock |
| 3:05 | Create | Villager (Male) |
| 3:05 | Create | Villager (Male) |
| 3:05 | Create | Villager (Male) |
| 3:42 | Create | Villager (Male) |
| 3:42 | Create | Villager (Male) |
| 3:42 | Create | Villager (Male) |
| 3:50 | Build | House |
| 4:00 | Create | Villager (Male) |
| 4:00 | Create | Villager (Male) |
| 4:09 | Create | Fishing Ship |
| 4:16 | Create | Villager (Male) |
| 4:19 | Build | House |
| 4:42 | Create | Villager (Male) |
| 4:45 | Create | Fishing Ship |
| 5:26 | Create | Villager (Male) |
| 5:37 | Create | Fishing Ship |
| 5:38 | Create | Fishing Ship |
| 5:47 | Create | Villager (Male) |
| 5:51 | Build | Palisade Wall |
| 5:54 | Build | Palisade Wall |
| 5:56 | Build | Palisade Wall |
| 6:08 | Create | Villager (Male) |
| 6:08 | Create | Villager (Male) |
| 6:20 | Create | Villager (Male) |
| 6:25 | Create | Fishing Ship |
| 6:39 | Build | House |
| 6:58 | Create | Villager (Male) |
| 6:58 | Create | Villager (Male) |
| 7:02 | Build | House |
| 7:19 | Create | Villager (Male) |
| 7:32 | Create | Villager (Male) |
| 7:43 | Create | Villager (Male) |
| 7:44 | Create | Fishing Ship |
| 8:02 | Create | Villager (Male) |
| 8:22 | Create | Villager (Male) |
| 8:37 | Research | Loom |
| 9:21 | Create | Villager (Male) |
| 9:22 | Create | Villager (Male) |
| 9:22 | Create | Villager (Male) |
| 9:56 | Build | Town Center |
| 10:28 | Create | Fishing Ship |
| 10:29 | Create | Fishing Ship |
| 10:29 | Create | Fishing Ship |
| 10:48 | Research | Feudal Age |
| 11:36 | Build | Barracks |
| 11:43 | Build | Palisade Wall |
| 11:44 | Build | Palisade Wall |
| 11:46 | Build | Palisade Wall |
| 11:49 | Create | Villager (Male) |
| 11:54 | Build | Mining Camp |
| 12:32 | Create | Militia |
| 12:33 | Create | Militia |
| 12:52 | Create | Villager (Male) |
| 12:52 | Age | Feudal Age |
| 13:03 | Build | House |
| 13:08 | Research | Man-at-Arms (upgrade) |
| 13:18 | Create | Villager (Male) |
| 13:20 | Create | Militia |
| 13:30 | Build | House |
| 13:47 | Create | Villager (Male) |
| 13:51 | Build | Stable |
| 13:54 | Create | Militia |
| 13:54 | Create | Militia |
| 14:19 | Create | Militia |
| 14:27 | Create | Villager (Male) |
| 14:37 | Create | Villager (Male) |
| 14:50 | Create | Scout Cavalry |
| 14:51 | Create | Scout Cavalry |
| 15:17 | Create | Militia |
| 15:38 | Create | Scout Cavalry |
| 16:02 | Create | Militia |
| 16:02 | Create | Militia |
| 16:12 | Build | Dock |
| 16:20 | Create | Militia |
| 16:22 | Create | Scout Cavalry |
| 16:28 | Create | Villager (Male) |
| 16:43 | Build | House |
| 16:44 | Build | House |
| 16:51 | Create | Villager (Male) |
| 16:55 | Build | House |
| 17:00 | Create | Villager (Male) |
| 17:08 | Create | Unit 2626 |
| 17:09 | Create | Unit 2626 |
| 17:16 | Create | Villager (Male) |
| 17:18 | Build | House |
| 17:23 | Build | Blacksmith |
| 17:27 | Create | Villager (Male) |
| 17:43 | Create | Villager (Male) |
| 17:46 | Create | Militia |
| 17:54 | Build | House |
| 17:58 | Build | Mill |
| 18:03 | Create | Villager (Male) |
| 18:24 | Research | Double-Bit Axe |
| 18:33 | Create | Villager (Male) |
| 19:16 | Create | Villager (Male) |
| 19:18 | Create | Scout Cavalry |
| 19:24 | Build | Market |
| 19:47 | Create | Villager (Male) |
| 20:42 | Create | Militia |
| 20:43 | Create | Militia |
| 20:43 | Create | Militia |
| 20:45 | Create | Scout Cavalry |
| 20:45 | Create | Scout Cavalry |
| 21:05 | Build | Town Center |
| 21:12 | Create | Scout Cavalry |
| 21:12 | Create | Scout Cavalry |
| 21:12 | Create | Scout Cavalry |
| 21:20 | Build | Palisade Wall |
| 21:39 | Build | Palisade Wall |
| 21:56 | Build | Mining Camp |
| 22:01 | Create | Scout Cavalry |
| 22:01 | Create | Scout Cavalry |
| 22:07 | Build | Stable |
| 22:15 | Create | Fire Galley |
| 22:18 | Create | Fire Galley |
| 22:18 | Create | Fire Galley |
| 22:23 | Create | Fishing Ship |
| 22:23 | Create | Fishing Ship |
| 22:24 | Create | Fishing Ship |
| 22:32 | Research | Scale Barding Armor |
| 22:41 | Research | Bloodlines |
| 23:04 | Create | Scout Cavalry |
| 23:04 | Create | Scout Cavalry |
| 23:41 | Build | Mill |
| 23:49 | Research | Forging |
| 24:08 | Create | Scout Cavalry |
| 24:08 | Create | Scout Cavalry |
| 24:22 | Create | Scout Cavalry |
| 24:22 | Create | Scout Cavalry |
| 24:28 | Build | Town Center |
| 24:37 | Create | Scout Cavalry |
| 24:54 | Create | Scout Cavalry |
| 25:15 | Create | Scout Cavalry |
| 25:31 | Create | Villager (Male) |
| 25:32 | Create | Villager (Male) |
| 25:32 | Create | Villager (Male) |
Build order — KahTuc
First 150 of 153 actions detected
| 0:02 | Create | Villager (Male) ×4 |
| 0:04 | Build | House |
| 0:06 | Build | House |
| 1:24 | Create | Villager (Male) |
| 2:01 | Create | Villager (Male) |
| 2:32 | Create | Villager (Male) |
| 2:34 | Create | Villager (Male) |
| 3:19 | Create | Villager (Male) |
| 3:19 | Create | Villager (Male) |
| 3:34 | Build | House |
| 3:43 | Build | House |
| 3:44 | Build | House |
| 4:07 | Create | Villager (Male) |
| 4:07 | Create | Villager (Male) |
| 4:18 | Build | Mining Camp |
| 4:56 | Create | Villager (Male) |
| 4:56 | Create | Villager (Male) |
| 5:40 | Build | Palisade Wall |
| 5:42 | Build | Palisade Wall |
| 5:56 | Create | Villager (Male) |
| 6:04 | Build | Dock |
| 6:11 | Build | House |
| 6:17 | Create | Villager (Male) |
| 6:40 | Research | Loom |
| 6:57 | Build | Lumber Camp |
| 7:17 | Research | Feudal Age |
| 8:36 | Build | Barracks |
| 8:37 | Build | House |
| 8:49 | Create | Fishing Ship |
| 8:49 | Create | Fishing Ship |
| 9:14 | Build | House |
| 9:27 | Age | Feudal Age |
| 9:43 | Create | Villager (Male) |
| 9:43 | Create | Villager (Male) |
| 10:28 | Create | Villager (Male) |
| 11:05 | Build | Lumber Camp |
| 11:11 | Create | Villager (Male) |
| 11:22 | Build | Barracks |
| 11:25 | Build | House |
| 11:55 | Create | Fishing Ship |
| 12:07 | Create | Militia |
| 12:07 | Create | Militia |
| 12:07 | Create | Militia |
| 12:08 | Create | Militia |
| 12:30 | Build | Palisade Wall |
| 12:33 | Build | Palisade Wall |
| 12:47 | Create | Militia |
| 13:21 | Create | Fishing Ship |
| 13:21 | Create | Fishing Ship |
| 13:26 | Build | Town Center |
| 13:54 | Research | Man-at-Arms (upgrade) |
| 14:47 | Create | Militia |
| 15:15 | Create | Demolition Raft |
| 15:17 | Create | Demolition Raft |
| 15:24 | Create | Militia |
| 15:38 | Build | Archery Range |
| 15:40 | Build | Archery Range |
| 15:49 | Create | Demolition Raft |
| 16:03 | Create | Villager (Male) |
| 16:13 | Create | Fishing Ship |
| 16:14 | Create | Fishing Ship |
| 16:31 | Create | Archer |
| 16:31 | Create | Archer |
| 16:33 | Create | Archer |
| 16:34 | Create | Archer |
| 16:41 | Build | House |
| 16:43 | Build | Palisade Wall |
| 16:52 | Create | Villager (Male) |
| 17:20 | Create | Villager (Male) |
| 17:36 | Build | Dock |
| 17:48 | Create | Villager (Male) |
| 18:10 | Research | Double-Bit Axe |
| 18:13 | Create | Archer ×5 |
| 18:18 | Create | Demolition Raft |
| 18:21 | Create | Fishing Ship |
| 18:25 | Build | House |
| 18:26 | Build | House |
| 18:28 | Build | House |
| 18:48 | Create | Archer |
| 18:51 | Create | Villager (Male) |
| 18:54 | Create | Fishing Ship |
| 19:19 | Create | Archer |
| 19:20 | Create | Archer |
| 19:38 | Build | Blacksmith |
| 19:43 | Build | House |
| 20:15 | Build | House |
| 20:24 | Create | Fishing Ship |
| 20:26 | Create | Fishing Ship |
| 20:32 | Create | Villager (Male) |
| 20:46 | Research | Fletching |
| 21:10 | Build | House |
| 21:24 | Create | Archer ×5 |
| 21:29 | Create | Villager (Male) |
| 21:55 | Create | Villager (Male) |
| 21:59 | Create | Fishing Ship |
| 21:59 | Create | Fishing Ship |
| 22:19 | Build | House |
| 22:25 | Create | Villager (Male) |
| 22:28 | Create | Fishing Ship |
| 22:43 | Build | House |
| 22:45 | Build | House |
| 23:14 | Build | Palisade Wall |
| 23:17 | Build | Palisade Gate |
| 23:35 | Create | Fishing Ship |
| 23:36 | Create | Fishing Ship |
| 23:49 | Build | Dock |
| 23:53 | Create | Villager (Male) |
| 23:53 | Create | Villager (Male) |
| 24:27 | Create | Villager (Male) |
| 24:30 | Build | Mill |
| 24:49 | Create | Archer |
| 24:50 | Create | Archer |
| 24:50 | Create | Archer |
| 24:50 | Create | Archer |
| 24:57 | Build | House |
| 24:58 | Build | House |
| 25:07 | Build | Barracks |
| 26:19 | Build | House |
| 26:20 | Build | House |
| 26:24 | Create | Spearman |
| 26:24 | Create | Spearman |
| 26:24 | Create | Spearman |
| 26:25 | Create | Spearman |
| 26:37 | Create | Archer ×5 |
| 26:44 | Build | House |
| 26:49 | Build | Palisade Wall |
| 26:50 | Build | Palisade Gate |
| 26:56 | Build | House |
| 26:58 | Build | House |
| 27:07 | Create | Villager (Male) |
| 27:13 | Build | Market |
| 27:39 | Create | Archer ×5 |
| 28:18 | Create | Spearman |
| 28:26 | Create | Spearman |
| 28:42 | Research | Castle Age |
| 28:42 | Research | Castle Age |
| 30:20 | Create | Fishing Ship |
| 30:20 | Create | Fishing Ship |
| 30:21 | Create | Fishing Ship |
| 30:21 | Create | Fishing Ship |
| 31:05 | Build | House |
| 31:14 | Create | Archer ×5 |
| 31:17 | Create | Archer |
| 31:21 | Build | Archery Range |
| 31:22 | Age | Castle Age |
| 31:24 | Build | Lumber Camp |
| 31:32 | Build | Stable |
| 31:34 | Build | Stable |
| 32:16 | Build | Town Center |
| 32:26 | Research | Bloodlines |
Match timeline
| 2:55 | verszomj · first_building Dock |
| 5:40 | KahTuc · wall_segment Palisade Wall x1 |
| 5:42 | KahTuc · wall_segment Palisade Wall x1 |
| 5:51 | verszomj · wall_segment Palisade Wall x1 |
| 5:54 | verszomj · wall_segment Palisade Wall x1 |
| 5:56 | verszomj · wall_segment Palisade Wall x1 |
| 6:04 | KahTuc · first_building Dock |
| 8:36 | KahTuc · first_building Barracks |
| 9:27 | KahTuc · age_up feudal |
| 11:36 | verszomj · first_building Barracks |
| 11:43 | verszomj · wall_segment Palisade Wall x1 |
| 11:44 | verszomj · wall_segment Palisade Wall x1 |
| 11:46 | verszomj · wall_segment Palisade Wall x1 |
| 12:30 | KahTuc · wall_segment Palisade Wall x3 |
| 12:33 | KahTuc · wall_segment Palisade Wall x4 |
| 12:52 | verszomj · age_up feudal |
| 13:51 | verszomj · first_building Stable |
| 15:38 | KahTuc · first_building Archery Range |
| 16:43 | KahTuc · wall_segment Palisade Wall x4 |
| 21:20 | verszomj · wall_segment Palisade Wall x1 |
| 21:39 | verszomj · wall_segment Palisade Wall x1 |
| 22:38 | verszomj · first_market_buy 100 food |
| 23:14 | KahTuc · wall_segment Palisade Wall x11 |
| 26:35 | verszomj · first_market_sell 500 wood |
| 26:49 | KahTuc · wall_segment Palisade Wall x10 |
| 28:38 | KahTuc · first_market_buy 100 food |
| 29:16 | verszomj · age_up castle |
| 31:22 | KahTuc · age_up castle |
| 31:32 | KahTuc · first_building Stable |
| 32:50 | verszomj · first_building Castle |
| 33:16 | KahTuc · resign |
[ AI ANALYSIS · 1 CREDIT ]
What really happened in this match?
Wolo.gg analyzes every decision: build order, eco, micro, common mistakes by bracket. Personalized analysis on WhatsApp or Discord in 30 seconds.
Civ guide
Persians
Perfil
verszomj